 Dungeon Crawl Stone Soup version 0.23-a0-419-g0174fd8 (webtiles) character file.

49 JeffiDaFish the Grave Robber (level 3, -1/16 HPs)
             Began as a Spriggan Necromancer on Nov 14, 2018.
             Slain by a jackal (2 damage)
             ... on level 2 of the Dungeon.
             The game lasted 00:06:20 (2189 turns).

JeffiDaFish the Grave Robber (Spriggan Necromancer) Turns: 2189, Time: 00:06:21

Health: -1/16      AC:  2    Str:  4 (5)  XL:     3   Next: 53%
Magic:  1/9        EV: 18    Int: 17 (20) God:
Gold:   117        SH:  0    Dex: 13 (16) Spells: 5/9 levels left

rFire    . . .     SeeInvis +   b - +1 dagger
rCold    . . .     Gourm    .   (shield restricted)
rNeg     . . .     Faith    .   a - +0 robe
rPois    .         Spirit   .   (helmet restricted)
rElec    .         Reflect  .   (no cloak)
rCorr    .         Harm     .   (gloves unavailable)
MR       .....                  (boots unavailable)
Stlth    ++........             (no amulet)
HPRegen  0.05/turn              d - +4 ring of intelligence
MPRegen  0.11/turn              (no ring)

@: very slightly contaminated, very quick
A: very small, unfitting armour, see invisible, herbivore, speed 3, slow
metabolism 2
a: no special abilities


You were on level 2 of the Dungeon.
You were not hungry.

You visited 1 branch of the dungeon, and saw 2 of its levels.

You collected 117 gold pieces.

Inventory:

Hand Weapons
 b - a +1 dagger (weapon)
Armour
 a - a +0 robe (worn)
Jewellery
 d - a +4 ring of intelligence (left hand)
Comestibles
 c - a ration


   Skills:
 + Level 3.8 Dodging
 + Level 3.5 Stealth
 * Level 3.6 Spellcasting
 * Level 4.0 Necromancy


You had 5 spell levels left.
You knew the following spells:

 Your Spells              Type           Power        Failure   Level  Hunger
a - Pain                  Necr           ###.         3%          1    None
b - Vampiric Draining     Necr           ###.......   10%         3    ###....

Your spell library contained the following spells:

 Spells                   Type           Power        Failure   Level  Hunger
 Animate Skeleton         Necr           N/A          3%          1    None
 Regeneration             Chrm/Necr      #.........   22%         3    ###....
 Animate Dead             Necr           N/A          30%         4    ####...


Dungeon Overview and Level Annotations

Branches:
Dungeon (2/15)

Altars:
Cheibriados


Innate Abilities, Weirdness & Mutations

You are very small and have problems with some larger weapons.
You are too small for most types of armour.
You have supernaturally acute eyesight. (SInv)
You are a herbivore.
You cover ground extremely quickly.
You need to consume almost no food.


Message History

You miscast Vampiric Draining.
You are very lightly contaminated with residual magic.
Nothing appears to happen.
Casting: Vampiric Draining (safe; 10% risk of failure)
Confirm with . or Enter, or press ? or * to list all spells.
Aiming: Pain (safe; 3% risk of failure)
Press: ? - help, Shift-Dir - straight line, f/p - worm
Aim: a worm (heavily wounded, chance to defeat MR: 81%)
The worm writhes in agony!
Casting: Pain (safe; 3% risk of failure)
Confirm with . or Enter, or press ? or * to list all spells.
Aiming: Pain (safe; 3% risk of failure)
Press: ? - help, Shift-Dir - straight line, f/p - worm
Aim: a worm (heavily wounded, chance to defeat MR: 81%)
The worm writhes in agony!
You aren't carrying any potions.
A jackal comes into view.
The jackal completely misses you. The jackal bites you.
You die...

#.### #.# #.# .. #.# #.#
. #.#####.# #....÷..# #
#.######.#### #.
#.##........#
#..##.##.#.####.#
#.....#..†.####.#####.#
#.##.h@..........(.>.#
####.........#..#.#######
........)....#†)#.#
##..........w...#
#........#...###
#.##...###...# ... #...#
#...# .... #.### #...# ##
#.# #...#


You could see a worm and a jackal.

Vanquished Creatures
  An adder (D:2)
  An ooze (D:1)
  3 dart slugs (D:1)
  A leopard gecko (D:1)
  A giant cockroach (D:1)
  6 goblins (D:1)
  6 hobgoblins
  2 bats
  A frilled lizard (D:1)
  4 kobolds (D:1)
  5 rats
31 creatures vanquished.

Notes
Turn   | Place    | Note
-------+----------+-------------------------------------------
     0 | D:1      | JeffiDaFish the Spriggan Necromancer began the quest for
                  | the Orb.
     0 | D:1      | Reached XP level 1. HP: 9/9 MP: 5/5
   459 | D:1      | Reached XP level 2. HP: 8/13 MP: 1/7
  1252 | D:1      | Reached XP level 3. HP: 13/16 MP: 6/8
  1498 | D:1      | Found a snail-covered altar of Cheibriados.
  1679 | D:1      | Learned a level 3 spell: Vampiric Draining
  2018 | D:2      | Reached skill level 4 in Necromancy
  2189 | D:2      | Slain by a jackal

Vault maps used:
D:1:      lightli_arrival_flooded_house, chequers_decorated_corner,
          cheibriados_altar_1
D:2:      chequers_ecumenical_altar_simple_redux, minmay_tetromino_l4

Skill      XL: |  1  2  3 |
---------------+----------+-----
Spellcasting   | 3 |  3.6
Necromancy     | 4 |  4.0
Dodging        | |  3.8
Stealth        | |  3.5

Action                   || total
-------------------------++-------
Melee: Dagger            ||    13
 Cast: Pain              ||    60
       Vampiric Draining ||     1
  Use: Scroll            ||     7
       Potion            ||     6
 Stab: Sleeping          ||     1
Armor: Skin              ||     2
Dodge: Dodged            ||    15

Table legend:
 A = Non-vault XP
 B = Vault XP
 C = Vault XP percentage of total XP
 D = Non-vault monster count
 E = Vault monster count
 F = Vault count percentage of total count
                 A         B        C        D         E       F
            +---------+---------+-------+---------+---------+-------
      Total |      71 |       0 |   0.0 |      31 |       0 |   0.0
            +---------+---------+-------+---------+---------+-------
        D:1 |      53 |       0 |   0.0 |      26 |       0 |   0.0
        D:2 |      18 |       0 |   0.0 |       5 |       0 |   0.0
            +---------+---------+-------+---------+---------+-------
